 Dungeon Crawl Stone Soup version 0.31-a0-222-gefeffbb62a (webtiles) character file.

Game seed: 553385435395342336

37865 qw the Fighter (level 13, -2/88 HPs)
             Began as a Gargoyle Fighter on July 4, 2023.
             Was a High Priest of Okawaru.
             Slain by a komodo dragon (16 damage)
             ... on level 5 of the Lair of Beasts.
             The game lasted 00:07:55 (13640 turns).

qw the Fighter (Gargoyle Fighter)                  Turns: 13640, Time: 00:07:55

Health: -2/88      AC: 34    Str: 28    XL:     13   Next: 99%
Magic:  19/20      EV: 15    Int:  9    God:    Okawaru [*****.]
Gold:   688        SH:  9    Dex:  9    Spells: 12/12 levels left

rFire   + . .        m - +3 hand axe of Vufuas {flame, Fragile rElec rF+}
rCold   . . .        p - +2 buckler of Antique the Leaf {Drain +Blink Regen+ Str+3}
rNeg    + . .        g - +0 plate armour
rPois   inf          l - +1 hat
rElec   +            t - +1 cloak {Will+}
rCorr   +            j - +0 pair of gloves
SInv    +            k - +0 pair of boots
Will    +....        q - amulet of faith Stlth
                     a - ring "Ladi Gui" {rCorr SInv}
HPRegen 1.14/turn    r - +5 ring of evasion
MPRegen 0.17/turn

%: faith
@: heroic
A: sickness immunity, AC +9, negative energy resistance 1, electricity
resistance, torment resistance 1, petrification resistance
a: Renounce Religion, Evoke Blink, Heroism, Finesse, Duel


You were on level 5 of the Lair of Beasts.
You worshipped Okawaru.
Okawaru was extremely pleased with you.
You visited 2 branches of the dungeon, and saw 13 of its levels.

You collected 830 gold pieces.
You spent 142 gold pieces at shops.


Innate Abilities, Weirdness & Mutations

You are immune to sickness and miasma.
Your stone body is resilient. (AC +9)
You are immune to poison.
You resist negative energy. (rN+)
You are resistant to electric shocks. (rElec)
You are resistant to unholy torment.
You are immune to petrification.


   Skills:
 - Level 13.0(18.0) Fighting
 - Level 12.0(17.0) Axes
 + Level 3.8(8.8) Throwing
 - Level 12.0(17.0) Armour
 - Level 3.0(8.0) Dodging
 - Level 8.4(13.4) Shields
 - Level 10.0 Invocations


You had 12 spell levels left.
You didn't know any spells.
Your spell library was empty.

Inventory:

Hand Weapons
 b - a +2 war axe
 m - the +3 hand axe of Vufuas (weapon) {flame, Fragile rElec rF+}
   (You found it on level 2 of the Dungeon)

   rF:        It protects you from fire.
   rElec:     It insulates you from electricity.
   Fragile:   It will be destroyed if unequipped.
Missiles
 c - 4 silver boomerangs
 w - 10 boomerangs (quivered)
Armour
 g - a +0 plate armour (worn)
 j - a +0 pair of gloves (worn)
 k - a +0 pair of boots (worn)
 l - a +1 hat (worn)
 p - the +2 buckler of Antique the Leaf (worn) {Drain +Blink Regen+ Str+3}
   (Okawaru gifted it to you on level 3 of the Lair of Beasts)

   Str:       It affects your strength (+3).
   +Blink:    It lets you blink.
   Regen:     It increases your rate of health regeneration.
   Drain:     It drains your maximum health when unequipped.
 s - a scarf of resistance
 t - a +1 cloak of willpower (worn)
 v - +0 acid dragon scales
Jewellery
 a - the ring "Ladi Gui" (left hand) {rCorr SInv}
   (You acquired it on level 4 of the Lair of Beasts)

   [ring of resist corrosion]

   SInv:      It lets you see invisible.
   rCorr:     It protects you from acid and corrosion.
 q - an amulet of faith (around neck)
 r - a +5 ring of evasion (right hand)
 u - a ring of protection from cold
 y - a +6 ring of strength
Scrolls
 e - 2 scrolls of identify
 i - a scroll of enchant weapon
Potions
 d - 4 potions of might
 h - 2 potions of haste
 o - a potion of lignification
 x - a potion of attraction

Dungeon Overview and Level Annotations

Branches:
Dungeon (8/15)             Temple (0/1) D:7            Lair (5/5) D:8
  Swamp (0/4) Lair:3        Snake (0/4) Lair:3        Slime (0/5) Lair:4

Altars:
Ashenzari
Kikubaaqudgha
Okawaru
Qazlal
Sif Muna
Trog
Uskayaw
Wu Jian
Zin
Jiyva

Shops:
D:3 [   D:7 :

Annotations:
D:3 1 runed translucent door, Crazy Yiuf
D:5 2 transporters, qw's ghost, novice GrFi


Message History

The skyshark barely misses you.
The cane toad is engulfed in a cloud of scalding steam.
You block the cane toad's attack.
You barely miss the skyshark.
The skyshark is heavily wounded.
You barely miss the cane toad. You slash the steam dragon!
You burn the steam dragon. You hit the wind drake. You burn the wind drake.
Your surroundings suddenly seem different.
A komodo dragon comes into view.
The komodo dragon hisses angrily.
Enter note: You feel like a meek peon again.
13632 ||| INVOKING Heroism.
You gain the combat prowess of a mighty hero.
You hit the komodo dragon. You burn the komodo dragon.
The komodo dragon is lightly wounded.
You hit the plant.
The plant begins to die.
You burn the plant.
You hit the komodo dragon but do no damage.
The komodo dragon is lightly wounded.
You hit the plant. You burn the plant. The komodo dragon bites you!
You barely miss the komodo dragon.
The komodo dragon is lightly wounded.
You hit the plant. You burn the plant. The komodo dragon bites you!!
You slash the komodo dragon! You burn the komodo dragon.
The komodo dragon is heavily wounded.
You slash the plant! You burn the plant. You slash the komodo dragon!
You burn the komodo dragon.
The komodo dragon is almost dead.
You slash the plant! You burn the plant. You block the komodo dragon's attack.
You hit the komodo dragon. You burn the komodo dragon.
The komodo dragon is almost dead.
You slash the plant! You burn the plant.
You hit the komodo dragon but do no damage.
The komodo dragon is almost dead.
You slash the plant! You burn the plant. The komodo dragon bites you!
You die...

## ###.#
##.#.# ##
#....#..#
##.......##
#....P.....
#.l@.#
#.P.#.#
#...### #
#.....
#.... .....
.... ....


You could see a komodo dragon.

Vanquished Creatures
  Josephine (Lair:3)
  3 hydras
  A two-headed ogre (D:8)
  5 death yaks (Lair:3)
  Nergalle (Lair:3)
  A harpy (Lair:5)
  A manticore (Lair:5)
  An ugly thing (D:8)
  Joseph (D:7)
  7 elephants
  2 black mambas
  10 cane toads
  Maggie (D:7)
  2 rime drakes (Lair:3)
  6 komodo dragons
  Grinder (D:3)
  Prince Ribbit (D:7)
  27 blink frogs
  A wyvern (Lair:5)
  3 wraiths (Lair:3)
  8 basilisks
  60 yaks
  3 steam dragons
  5 nagas (Lair:3)
  2 swamp worms (Lair:3)
  An acid dragon (D:8)
  7 water moccasins
  A sky beast (D:7)
  2 ice beasts
  4 black bears
  14 wolves (Lair:2)
  An ogre (D:5)
  A centaur (D:5)
  15 bullfrogs
  A gnoll sergeant (D:8)
  5 scorpions
  2 howler monkeys (D:8)
  An electric eel (Lair:3)
  A gnoll bouda (D:4)
  A jelly (D:4)
  2 orc priests (D:7)
  A sleepcap (D:4)
  4 hounds
  Terence (D:3)
  2 iguanas
  3 orc wizards
  12 adders
  17 gnolls
  A shadow imp (D:6)
  2 white imps
  2 ufetubi
  8 dart slugs
  15 orcs
  9 endoplasms
  A giant cockroach (D:2)
  5 goblins
  5 hobgoblins
  5 kobolds
  7 quokkas
  8 ball pythons
  3 bats
  4 frilled lizards
  6 rats
334 creatures vanquished.

Vanquished Creatures (others)
  A hornet (Lair:5)
1 creature vanquished.

Grand Total: 335 creatures vanquished

Notes
Turn   | Place    | Note
-------+----------+-------------------------------------------
     0 | D:1      | qw the Gargoyle Fighter began the quest for the Orb.
     0 | D:1      | Reached XP level 1. HP: 14/14 MP: 1/1
     0 | D:1      | 0 ||| qw: Version: 0.3-a-46-gb1f654a
     0 | D:1      | 0 ||| qw: Game counter: 889
     0 | D:1      | 0 ||| qw: Melee chars always use a shield: true
     0 | D:1      | 0 ||| qw: God list: Okawaru
     0 | D:1      | 0 ||| qw: Allow faded altars: false
     0 | D:1      | 0 ||| qw: Do Orc after clearing Dungeon:15 true
     0 | D:1      | 0 ||| qw: Do second Lair branch before Depths: true
     0 | D:1      | 0 ||| qw: Lair rune preference: random
     0 | D:1      | 0 ||| qw: Goals: Normal, Zot:1-4, Slime:5, God:TSO, Crypt,
                  | Tomb, Abyss, Pan, Hells, Win
     0 | D:1      | 0 ||| PLANNING D:1-11
   144 | D:1      | Reached XP level 2. HP: 19/19 MP: 2/2
   433 | D:1      | 433 ||| Stepping ~*~*~tactically~*~*~ (hiding).
   492 | D:1      | Reached skill level 3 in Axes
   551 | D:1      | Reached XP level 3. HP: 23/23 MP: 3/3
   968 | D:1      | 968 ||| UPGRADING to +0 plate armour.
   978 | D:1      | 978 ||| DROPPING +0 scale mail.
   979 | D:1      | 979 ||| UPGRADING to +6 ring of strength.
   980 | D:1      | 980 ||| DRINKING 2 lumpy cyan potions.
  1254 | D:2      | 1254 ||| Stepping ~*~*~tactically~*~*~ (stealth).
  1285 | D:2      | 1285 ||| Stepping ~*~*~tactically~*~*~ (stealth).
  1325 | D:2      | 1325 ||| Stepping ~*~*~tactically~*~*~ (hiding).
  1326 | D:2      | 1326 ||| Stepping ~*~*~tactically~*~*~ (hiding).
  1359 | D:2      | Reached XP level 4. HP: 24/28 MP: 4/4
  1488 | D:2      | 1488 ||| FLEEEEING.
  1489 | D:2      | 1489 ||| FLEEEEING.
  1490 | D:2      | 1490 ||| FLEEEEING.
  1491 | D:2      | 1491 ||| FLEEEEING.
  1492 | D:2      | 1492 ||| FLEEEEING.
  1493 | D:2      | 1493 ||| FLEEEEING.
  1494 | D:2      | 1494 ||| FLEEEEING.
  1495 | D:2      | 1495 ||| FLEEEEING.
  1496 | D:2      | 1496 ||| FLEEEEING.
  1497 | D:2      | 1497 ||| FLEEEEING.
  1498 | D:2      | 1498 ||| FLEEEEING.
  1701 | D:2      | Identified the +9 dagger of Saekegg {freeze, rC+}
  1763 | D:2      | 1763 ||| DROPPING +6 ring of intelligence.
  1764 | D:2      | 1764 ||| READING scroll labelled DAT FUTYRAA.
  1765 | D:2      | 1765 ||| DRINKING 2 black potions.
  1891 | D:3      | Noticed Grinder
  1892 | D:3      | 1892 ||| Stepping ~*~*~tactically~*~*~ (hiding).
  1904 | D:3      | 1904 ||| Stepping ~*~*~tactically~*~*~ (hiding).
  1920 | D:3      | Paralysed by Grinder for 5 turns
  1925 | D:3      | 1925 ||| Stepping ~*~*~tactically~*~*~ (hiding).
  1932 | D:3      | 1932 ||| Stepping ~*~*~tactically~*~*~ (hiding).
  1941 | D:3      | Killed Grinder
  1942 | D:3      | Reached XP level 5. HP: 21/32 MP: 5/5
  1942 | D:3      | Reached XP level 6. HP: 24/37 MP: 6/6
  2084 | D:3      | 2084 ||| DROPPING +0 whip.
  2126 | D:3      | Found a runed translucent door.
  2127 | D:3      | Noticed Crazy Yiuf
  2246 | D:3      | Found Ataez's Antique Armour Emporium.
  2255 | D:3      | 2255 ||| BUYING glowing chain mail (142 gold).
  2255 | D:3      | Bought a glowing chain mail for 142 gold pieces
  2255 | D:3      | 2255 ||| SHOPLISTING pair of glowing gloves (142 gold, have
                  | 60).
  2321 | D:3      | 2321 ||| READING scroll of enchant weapon.
  2321 | D:3      | 2321 ||| ENCHANTING +1 war axe.
  2327 | D:3      | 2327 ||| UPGRADING to scarf of resistance.
  2332 | D:3      | 2332 ||| DROPPING +0 chain mail of willpower.
  2333 | D:3      | 2333 ||| READING 2 scrolls labelled AMOMOT QIRUMI.
  2341 | D:3      | 2341 ||| STAIRDANCE
  2459 | D:3      | 2459 ||| FLEEEEING.
  2462 | D:3      | 2462 ||| FLEEEEING.
  2463 | D:3      | 2463 ||| FLEEEEING.
  2465 | D:3      | 2465 ||| FLEEEEING.
  2466 | D:3      | 2466 ||| FLEEEEING.
  2467 | D:3      | 2467 ||| FLEEEEING.
  2468 | D:3      | 2468 ||| FLEEEEING.
  2469 | D:3      | 2469 ||| FLEEEEING.
  2470 | D:3      | 2470 ||| FLEEEEING.
  2471 | D:3      | 2471 ||| FLEEEEING.
  2473 | D:3      | 2473 ||| FLEEEEING.
  2474 | D:3      | 2474 ||| FLEEEEING.
  2475 | D:3      | 2475 ||| FLEEEEING.
  2476 | D:3      | 2476 ||| FLEEEEING.
  2477 | D:3      | 2477 ||| FLEEEEING.
  2478 | D:3      | 2478 ||| FLEEEEING.
  2479 | D:3      | 2479 ||| FLEEEEING.
  2480 | D:3      | 2480 ||| FLEEEEING.
  2481 | D:3      | 2481 ||| FLEEEEING.
  2482 | D:3      | 2482 ||| FLEEEEING.
  2483 | D:3      | 2483 ||| FLEEEEING.
  2484 | D:3      | 2484 ||| FLEEEEING.
  2486 | D:3      | 2486 ||| FLEEEEING.
  2487 | D:3      | 2487 ||| FLEEEEING.
  2489 | D:3      | 2489 ||| FLEEEEING.
  2490 | D:3      | 2490 ||| FLEEEEING.
  2491 | D:3      | 2491 ||| FLEEEEING.
  2492 | D:3      | 2492 ||| FLEEEEING.
  2493 | D:3      | 2493 ||| FLEEEEING.
  2494 | D:3      | 2494 ||| FLEEEEING.
  2495 | D:3      | 2495 ||| STAIRDANCE
  2497 | D:2      | 2497 ||| UPGRADING to +0 pair of boots.
  2504 | D:3      | 2504 ||| STAIRDANCE
  2509 | D:3      | 2509 ||| STAIRDANCE
  2514 | D:3      | 2514 ||| STAIRDANCE
  2518 | D:3      | 2518 ||| STAIRDANCE
  2522 | D:3      | 2522 ||| STAIRDANCE
  2526 | D:3      | 2526 ||| STAIRDANCE
  2530 | D:3      | 2530 ||| STAIRDANCE
  2534 | D:3      | 2534 ||| STAIRDANCE
  2538 | D:3      | 2538 ||| STAIRDANCE
  2542 | D:3      | 2542 ||| STAIRDANCE
  2546 | D:3      | 2546 ||| STAIRDANCE
  2550 | D:3      | 2550 ||| STAIRDANCE
  2554 | D:3      | 2554 ||| STAIRDANCE
  2558 | D:3      | 2558 ||| STAIRDANCE
  2562 | D:3      | 2562 ||| STAIRDANCE
  2566 | D:3      | 2566 ||| STAIRDANCE
  2570 | D:3      | 2570 ||| STAIRDANCE
  2574 | D:3      | 2574 ||| STAIRDANCE
  2766 | D:2      | Identified the +3 hand axe of Vufuas {flame, Fragile rElec
                  | rF+}
  2768 | D:2      | 2768 ||| SWAPPING to +3 hand axe of Vufuas {flame, Fragile
                  | rElec rF+}.
  2769 | D:2      | 2769 ||| DROPPING +0 mace.
  2820 | D:2      | 2820 ||| Stepping ~*~*~tactically~*~*~ (hiding).
  2939 | D:2      | 2939 ||| UPGRADING to +1 hat.
  2944 | D:2      | 2944 ||| READING scroll labelled JARGHO UDOAHASS.
  3020 | D:3      | Noticed Terence
  3026 | D:3      | Killed Terence
  3027 | D:3      | Reached skill level 4 in Fighting
  3132 | D:3      | 3132 ||| READING scroll labelled CIVU VEOSOPN.
  3163 | D:3      | 3163 ||| READING 3 scrolls labelled MEKUKEUSTRA.
  3269 | D:4      | Reached skill level 6 in Axes
  3301 | D:4      | Found a hide-covered altar of Uskayaw.
  3367 | D:4      | Reached skill level 1 in Dodging
  3367 | D:4      | Reached XP level 7. HP: 21/43 MP: 7/7
  3378 | D:4      | 3378 ||| FLEEEEING.
  3379 | D:4      | 3379 ||| FLEEEEING.
  3380 | D:4      | 3380 ||| FLEEEEING.
  3381 | D:4      | 3381 ||| FLEEEEING.
  3382 | D:4      | 3382 ||| FLEEEEING.
  3383 | D:4      | 3383 ||| FLEEEEING.
  3385 | D:4      | 3385 ||| FLEEEEING.
  3386 | D:4      | 3386 ||| FLEEEEING.
  3387 | D:4      | 3387 ||| FLEEEEING.
  3388 | D:4      | 3388 ||| FLEEEEING.
  3390 | D:4      | 3390 ||| FLEEEEING.
  3392 | D:4      | 3392 ||| FLEEEEING.
  3393 | D:4      | 3393 ||| FLEEEEING.
  3394 | D:4      | 3394 ||| FLEEEEING.
  3395 | D:4      | 3395 ||| FLEEEEING.
  3396 | D:4      | 3396 ||| FLEEEEING.
  3397 | D:4      | 3397 ||| FLEEEEING.
  3398 | D:4      | 3398 ||| STAIRDANCE
  3460 | D:3      | 3460 ||| READING scroll labelled PYL IMAERCHUC.
  3461 | D:3      | 3461 ||| READING scroll labelled POAZXE WEUGRU.
  3498 | D:4      | Found a stormy altar of Qazlal.
  3856 | D:4      | You fall into a shaft and drop 2 floors!
  3996 | D:6      | 3996 ||| Stepping ~*~*~tactically~*~*~ (stealth).
  4211 | D:6      | 4211 ||| READING scroll labelled NOASYIL CAIJE.
  4212 | D:6      | 4212 ||| READING scroll labelled NICIAMA ZUBUUCK.
  4222 | D:5      | Entered Level 5 of the Dungeon
  4280 | D:5      | Reached skill level 5 in Fighting
  4281 | D:5      | 4281 ||| Stepping ~*~*~tactically~*~*~ (hiding).
  4295 | D:5      | Reached XP level 8. HP: 42/49 MP: 8/8
  4320 | D:5      | 4320 ||| DRINKING potion of curing.
  4320 | D:5      | 4320 ||| (to cure confusion)
  4321 | D:5      | 4321 ||| Stepping ~*~*~tactically~*~*~ (stealth).
  4475 | D:5      | Found an ancient bone altar of Kikubaaqudgha.
  4527 | D:5      | Noticed qw's ghost (novice GrFi)
  4528 | D:5      | Noticed a yak
  4530 | D:5      | Found a transporter.
  4927 | D:4      | 4927 ||| Stepping ~*~*~tactically~*~*~ (stealth).
  4973 | D:4      | 4973 ||| UPGRADING to +0 pair of gloves.
  5011 | D:4      | 5011 ||| READING scroll labelled FETOSKACUSK.
  5016 | D:5      | Found a transporter.
  5085 | D:5      | 5085 ||| Stepping ~*~*~tactically~*~*~ (stealth).
  5096 | D:5      | 5096 ||| Stepping ~*~*~tactically~*~*~ (stealth).
  5100 | D:5      | 5100 ||| FLEEEEING.
  5148 | D:5      | 5148 ||| Stepping ~*~*~tactically~*~*~ (stealth).
  5172 | D:5      | 5172 ||| Stepping ~*~*~tactically~*~*~ (stealth).
  5301 | D:5      | Found an iron altar of Okawaru.
  5302 | D:5      | 5302 ||| PLANNING OKAWARU WORSHIP
  5478 | D:5      | Reached skill level 6 in Fighting
  5666 | D:5      | Became a worshipper of Warmaster Okawaru
  5667 | D:5      | 5667 ||| PLANNING D:1-11
  6573 | D:6      | 6573 ||| UPGRADING to amulet of faith.
  6606 | D:7      | Noticed Maggie
  6626 | D:7      | Killed Maggie
  6627 | D:7      | Reached skill level 9 in Axes
  6627 | D:7      | Reached XP level 9. HP: 48/55 MP: 9/9
  6730 | D:7      | Reached * piety under Okawaru
  6758 | D:7      | Noticed Prince Ribbit
  6759 | D:7      | 6759 ||| INVOKING Heroism.
  6770 | D:7      | 6770 ||| FLEEEEING.
  6772 | D:7      | 6772 ||| STAIRDANCE
  6778 | D:6      | 6778 ||| UPGRADING to +5 ring of evasion.
  6782 | D:7      | 6782 ||| INVOKING Heroism.
  6788 | D:7      | Killed Prince Ribbit
  6836 | D:7      | Found a staircase to the Ecumenical Temple.
  6903 | D:7      | Reached skill level 1 in Invocations
  6917 | D:7      | Reached skill level 7 in Fighting
  6962 | D:7      | 6962 ||| INVOKING Heroism.
  7080 | D:7      | Found a broken altar of Ashenzari.
  7092 | D:7      | Found Dahuzoaf's Book Shop.
  7125 | D:7      | Noticed Joseph
  7126 | D:7      | 7126 ||| Stepping ~*~*~tactically~*~*~ (hiding).
  7136 | D:7      | 7136 ||| INVOKING Heroism.
  7148 | D:7      | Killed Joseph
  7149 | D:7      | Reached skill level 6 in Armour
  7149 | D:7      | Reached skill level 3 in Invocations
  7379 | D:7      | 7379 ||| READING 2 scrolls of identify.
  7379 | D:7      | 7379 ||| IDENTIFYING blue potion
  7380 | D:7      | 7380 ||| DROPPING potion of degeneration.
  7428 | D:8      | Found a staircase to the Lair.
  7430 | D:8      | Noticed a white ugly thing
  7446 | D:8      | Killed a white ugly thing
  7446 | D:8      | Reached ** piety under Okawaru
  7512 | D:8      | Reached XP level 10. HP: 63/63 MP: 13/13
  7534 | D:8      | 7534 ||| Stepping ~*~*~tactically~*~*~ (stealth).
  7601 | D:8      | Noticed a two-headed ogre
  7602 | D:8      | 7602 ||| INVOKING Heroism.
  7618 | D:8      | Killed a two-headed ogre
  7752 | D:8      | 7752 ||| Stepping ~*~*~tactically~*~*~ (stealth).
  7780 | D:8      | 7780 ||| Stepping ~*~*~tactically~*~*~ (hiding).
  7885 | D:8      | Found a shimmering blue altar of Sif Muna.
  7952 | D:8      | Reached *** piety under Okawaru
  8019 | D:8      | Found a glowing silver altar of Zin.
  8033 | D:8      | Found an ornate altar of the Wu Jian Council.
  8035 | D:8      | Found a bloodstained altar of Trog.
  8203 | D:8      | 8203 ||| PLANNING LAIR
  8203 | D:8      | 8203 ||| UPGRADING to +1 cloak of willpower.
  8213 | D:8      | 8213 ||| READING scroll labelled JIUCRO BEMIM.
  8240 | Lair:1   | Entered Level 1 of the Lair of Beasts
  8260 | Lair:1   | 8260 ||| Stepping ~*~*~tactically~*~*~ (hiding).
  8265 | Lair:1   | 8265 ||| Stepping ~*~*~tactically~*~*~ (stealth).
  8266 | Lair:1   | 8266 ||| INVOKING Heroism.
  8275 | Lair:1   | Noticed a cane toad
  8284 | Lair:1   | 8284 ||| INVOKING Heroism.
  8291 | Lair:1   | Killed a cane toad
  8304 | Lair:1   | Reached skill level 8 in Fighting
  8330 | Lair:1   | 8330 ||| INVOKING Heroism.
  8453 | Lair:1   | 8453 ||| INVOKING Heroism.
  8469 | Lair:1   | Reached **** piety under Okawaru
  8487 | Lair:1   | Reached skill level 6 in Invocations
  8487 | Lair:1   | Reached XP level 11. HP: 42/68 MP: 13/15
  8603 | Lair:1   | 8603 ||| INVOKING Heroism.
  8681 | Lair:1   | 8681 ||| INVOKING Heroism.
  8795 | Lair:1   | 8795 ||| INVOKING Heroism.
  8815 | Lair:1   | 8815 ||| FLEEEEING.
  8816 | Lair:1   | 8816 ||| FLEEEEING.
  8817 | Lair:1   | 8817 ||| FLEEEEING.
  8818 | Lair:1   | 8818 ||| Stepping ~*~*~tactically~*~*~ (stealth).
  8866 | Lair:1   | 8866 ||| INVOKING Heroism.
  8943 | Lair:1   | 8943 ||| Stepping ~*~*~tactically~*~*~ (stealth).
  8992 | Lair:1   | Reached skill level 9 in Fighting
  8992 | Lair:1   | Reached ***** piety under Okawaru
  8995 | Lair:1   | 8995 ||| INVOKING Heroism.
  9151 | Lair:1   | 9151 ||| INVOKING Heroism.
  9154 | Lair:1   | 9154 ||| Stepping ~*~*~tactically~*~*~ (stealth).
  9171 | Lair:1   | HP: 14/71 [blink frog (9)]
  9172 | Lair:1   | 9172 ||| READING 3 scrolls of teleportation.
  9179 | Lair:1   | 9179 ||| READING 2 scrolls of teleportation.
  9182 | Lair:1   | Identified the +0 scale mail of Zov Esy {Harm rElec rF+}
                  | (Okawaru gifted it to you on level 1 of the Lair of Beasts)
  9182 | Lair:1   | Received a gift from Okawaru
  9382 | Lair:1   | 9382 ||| INVOKING Heroism.
  9605 | Lair:1   | 9605 ||| READING 2 scrolls of identify.
  9605 | Lair:1   | 9605 ||| IDENTIFYING green potion
  9647 | Lair:2   | 9647 ||| INVOKING Heroism.
  9666 | Lair:2   | Reached skill level 9 in Invocations
  9796 | Lair:2   | 9796 ||| INVOKING Heroism.
  9914 | Lair:2   | 9914 ||| INVOKING Heroism.
  9934 | Lair:2   | 9934 ||| INVOKING Heroism.
  9969 | Lair:2   | Reached XP level 12. HP: 59/76 MP: 19/19
  9969 | Lair:2   | 9969 ||| FLEEEEING.
  9970 | Lair:2   | 9970 ||| FLEEEEING.
  9971 | Lair:2   | 9971 ||| FLEEEEING.
  9972 | Lair:2   | 9972 ||| FLEEEEING.
  9973 | Lair:2   | 9973 ||| FLEEEEING.
  9974 | Lair:2   | 9974 ||| FLEEEEING.
  9975 | Lair:2   | 9975 ||| FLEEEEING.
  9976 | Lair:2   | 9976 ||| FLEEEEING.
  9977 | Lair:2   | 9977 ||| FLEEEEING.
  9978 | Lair:2   | 9978 ||| Stepping ~*~*~tactically~*~*~ (stealth).
  9985 | Lair:2   | 9985 ||| INVOKING Heroism.
 10023 | Lair:2   | 10023 ||| Stepping ~*~*~tactically~*~*~ (stealth).
 10047 | Lair:2   | 10047 ||| Stepping ~*~*~tactically~*~*~ (stealth).
 10049 | Lair:2   | 10049 ||| Stepping ~*~*~tactically~*~*~ (stealth).
 10050 | Lair:2   | 10050 ||| INVOKING Heroism.
 10068 | Lair:2   | Reached skill level 12 in Axes
 10156 | Lair:2   | 10156 ||| Stepping ~*~*~tactically~*~*~ (hiding).
 10199 | Lair:2   | Reached skill level 6 in Shields
 10787 | Lair:2   | 10787 ||| Stepping ~*~*~tactically~*~*~ (hiding).
 10876 | Lair:2   | Reached skill level 9 in Armour
 10934 | Lair:2   | 10934 ||| DROPPING amulet of magic regeneration.
 10935 | Lair:2   | 10935 ||| READING 2 scrolls of identify.
 10935 | Lair:2   | 10935 ||| IDENTIFYING fuming puce potion
 10936 | Lair:2   | 10936 ||| DROPPING potion of invisibility.
 10990 | Lair:3   | 10990 ||| INVOKING Heroism.
 10996 | Lair:3   | Noticed Nergalle
 11013 | Lair:3   | Reached skill level 10 in Fighting
 11023 | Lair:3   | 11023 ||| INVOKING Heroism.
 11056 | Lair:3   | Killed Nergalle
 11056 | Lair:3   | Identified the +2 buckler of Antique the Leaf {Drain +Blink
                  | Regen+ Str+3} (Okawaru gifted it to you on level 3 of the
                  | Lair of Beasts)
 11056 | Lair:3   | Received a gift from Okawaru
 11183 | Lair:3   | 11183 ||| INVOKING Heroism.
 11349 | Lair:3   | Noticed a five-headed hydra
 11350 | Lair:3   | 11350 ||| INVOKING Heroism.
 11360 | Lair:3   | Noticed Josephine
 11363 | Lair:3   | Killed a one-headed hydra
 11378 | Lair:3   | Killed Josephine
 11413 | Lair:3   | 11413 ||| INVOKING Heroism.
 11417 | Lair:3   | Reached skill level 11 in Fighting
 11514 | Lair:3   | 11514 ||| Stepping ~*~*~tactically~*~*~ (hiding).
 11529 | Lair:3   | 11529 ||| INVOKING Heroism.
 11549 | Lair:3   | Reached XP level 13. HP: 84/84 MP: 20/20
 11570 | Lair:3   | 11570 ||| INVOKING Heroism.
 11600 | Lair:3   | 11600 ||| INVOKING Finesse.
 11649 | Lair:3   | 11649 ||| INVOKING Heroism.
 11661 | Lair:3   | Reached skill level 12 in Fighting
 11661 | Lair:3   | Received a gift from Okawaru
 11670 | Lair:3   | Reached skill level 3 in Dodging
 11797 | Lair:3   | 11797 ||| INVOKING Heroism.
 11910 | Lair:3   | 11910 ||| Stepping ~*~*~tactically~*~*~ (stealth).
 11912 | Lair:3   | 11912 ||| Stepping ~*~*~tactically~*~*~ (stealth).
 11962 | Lair:3   | Found a staircase to the Snake Pit.
 12133 | Lair:3   | 12133 ||| INVOKING Heroism.
 12149 | Lair:3   | Found a staircase to the Swamp.
 12150 | Lair:3   | 12150 ||| Stepping ~*~*~tactically~*~*~ (hiding).
 12228 | Lair:3   | 12228 ||| Stepping ~*~*~tactically~*~*~ (hiding).
 12235 | Lair:3   | Reached skill level 1 in Throwing
 12239 | Lair:3   | 12239 ||| FLEEEEING.
 12302 | Lair:3   | 12302 ||| Stepping ~*~*~tactically~*~*~ (stealth).
 12303 | Lair:3   | 12303 ||| Stepping ~*~*~tactically~*~*~ (stealth).
 12475 | Lair:3   | 12475 ||| UPGRADING to +2 buckler of Antique the Leaf
                  | {Drain +Blink Regen+ Str+3}.
 12485 | Lair:3   | 12485 ||| DROPPING +0 buckler.
 12486 | Lair:3   | 12486 ||| READING 2 scrolls of identify.
 12486 | Lair:3   | 12486 ||| IDENTIFYING yellow potion
 12487 | Lair:3   | 12487 ||| DROPPING potion of brilliance.
 12504 | Lair:4   | 12504 ||| STAIRDANCE
 12629 | Lair:4   | 12629 ||| INVOKING Heroism.
 12655 | Lair:4   | Received a gift from Okawaru
 12714 | Lair:4   | 12714 ||| Stepping ~*~*~tactically~*~*~ (stealth).
 12716 | Lair:4   | 12716 ||| Stepping ~*~*~tactically~*~*~ (stealth).
 12750 | Lair:4   | 12750 ||| Stepping ~*~*~tactically~*~*~ (stealth).
 12751 | Lair:4   | 12751 ||| Stepping ~*~*~tactically~*~*~ (stealth).
 12752 | Lair:4   | 12752 ||| Stepping ~*~*~tactically~*~*~ (stealth).
 12912 | Lair:4   | 12912 ||| Stepping ~*~*~tactically~*~*~ (stealth).
 12917 | Lair:4   | 12917 ||| INVOKING Heroism.
 12955 | Lair:4   | Reached skill level 13 in Fighting
 13167 | Lair:4   | Found a staircase to the Slime Pits.
 13167 | Lair:4   | Found a viscous altar of Jiyva.
 13503 | Lair:4   | 13503 ||| DROPPING scarf of resistance.
 13504 | Lair:4   | 13504 ||| READING scroll labelled JIUNARGH MIUSA.
 13504 | Lair:4   | Identified a scroll of acquirement
 13504 | Lair:4   | 13504 ||| ACQUIRING ring "Ladi Gui" {rCorr SInv}
 13504 | Lair:4   | Acquired the ring "Ladi Gui" {rCorr SInv}
 13506 | Lair:4   | 13506 ||| UPGRADING to ring "Ladi Gui" {rCorr SInv}.
 13508 | Lair:4   | 13508 ||| READING scroll labelled ZUG ZUYCHITZYCAK.
 13509 | Lair:4   | 13509 ||| READING 3 scrolls of identify.
 13509 | Lair:4   | 13509 ||| IDENTIFYING ruby potion
 13518 | Lair:5   | Entered Level 5 of the Lair of Beasts
 13551 | Lair:5   | Reached skill level 12 in Armour
 13593 | Lair:5   | 13593 ||| INVOKING Heroism.
 13608 | Lair:5   | Received a gift from Okawaru
 13609 | Lair:5   | Reached skill level 3 in Throwing
 13626 | Lair:5   | HP: 12/88 [wind drake/the air (24)]
 13627 | Lair:5   | 13627 ||| READING scroll of teleportation.
 13628 | Lair:5   | 13628 ||| DRINKING potion of heal wounds.
 13632 | Lair:5   | 13632 ||| INVOKING Heroism.
 13636 | Lair:5   | HP: 11/88 [komodo dragon (20)]
 13640 | Lair:5   | Slain by a komodo dragon

Levels and vault maps discovered:
D:1:      matt_arrival_spirals, layout_loops_corners, minmay_small_reverse_x
D:2:      layout_loops_ring, kennysheep_cross_room
D:3:      layout_basic, serial_shops, shop, uniq_grinder,
          uniq_crazy_yiuf_cottage, uniq_terence
D:4:      layout_basic, mainiacjoe_overflow_paths,
          eat_drink_and_be_merry_uskayaw
D:5:      layout_loops_cross, lemuel_doored_altar,
          mainiacjoe_overflow_concentric_impassable, gammafunk_ghost_arena
D:6:      layout_layer_cave
D:7:      layout_rooms, nicolae_ashenzari_skybound,
          minmay_temple_entry_glassed_door, serial_shops, shop,
          uniq_prince_ribbit1, uniq_joseph, uniq_maggie
D:8:      layout_rooms, lemuel_coloured_pillars_altar, minitemple,
          lair_entry_dummy, serial_curves, eino_curves_02, eino_curves_03
Lair:1:   layout_hall_layers, grunt_megastairs_2, serial_bayou_shore_a,
          infiniplex_staircase_pool_2
Lair:2:   layout_cave_pods
Lair:3:   layout_gridlike, nicolae_swamp_entry_splash_gauntlet,
          minmay_snake_entry_guardpost_medium, dreamdust_mushroom_princess,
          grunt_megastairs_4, uniq_josephine, uniq_nergalle
Lair:4:   layout_gridlike, slime_entry_1, enter_volcano_4,
          kennysheep_basilisk_garden
Lair:5:   gammafunk_lair_ancient_temple, layout_cave_pods

Skill      XL: |  1  2  3  4  5  6  7  8  9 10 11 12 13 |
---------------+----------------------------------------+-----
Axes           | 2 3 5 6 7 9 11 12 | 12.0
Fighting       | 4 5 6 7 8 9 11 13 | 13.0
Dodging        | 1 2 3 |  3.0
Armour         | 4 5 6 7 8 10 12 | 12.0
Shields        | 4 5 7 8 |  8.4
Invocations    | 4 6 9 10 | 10.0
Throwing       | 3 |  3.8

Action                     |  1- 3 |  4- 6 |  7- 9 | 10-12 | 13-15 || total
---------------------------+-------+-------+-------+-------+-------++-------
  Melee: War axe           |    70 |    71 |       |       |       ||   141
         Hand axe          |       |    41 |   293 |   620 |   352 ||  1306
  Throw: Boomerang         |       |       |       |       |    45 ||    45
 Invoke: Heroism           |       |       |     4 |    24 |     8 ||    36
         Finesse           |       |       |       |       |     1 ||     1
    Use: Potion            |     1 |     1 |     1 |       |     1 ||     4
         Scroll            |       |     6 |     6 |     5 |     5 ||    22
 Armour: Scale mail        |    13 |       |       |       |       ||    13
         Plate armour      |    24 |    67 |   144 |   232 |   136 ||   603
  Dodge: Dodged            |    27 |    28 |    82 |   279 |   135 ||   551
  Block: Buckler           |    11 |    15 |    42 |   133 |    91 ||   292

Table legend:
 A = Non-vault XP
 B = Vault XP
 C = Vault XP percentage of total XP
 D = Non-vault monster count
 E = Vault monster count
 F = Vault count percentage of total count
                 A         B        C        D         E       F
            +---------+---------+-------+---------+---------+-------
      Total |   43840 |   10253 |  19.0 |     294 |      41 |  12.2
            +---------+---------+-------+---------+---------+-------
        D:1 |      29 |       9 |  23.7 |      15 |       4 |  21.1
        D:2 |      69 |       0 |   0.0 |      19 |       0 |   0.0
        D:3 |      88 |     313 |  78.1 |      17 |       2 |  10.5
        D:4 |     421 |       0 |   0.0 |      21 |       0 |   0.0
        D:5 |     758 |       0 |   0.0 |      27 |       0 |   0.0
        D:6 |     405 |       0 |   0.0 |      13 |       0 |   0.0
        D:7 |     836 |    1168 |  58.3 |      13 |       3 |  18.8
        D:8 |    1896 |       0 |   0.0 |      17 |       0 |   0.0
     Lair:1 |    8713 |    1394 |  13.8 |      36 |       7 |  16.3
     Lair:2 |    6452 |       0 |   0.0 |      33 |       0 |   0.0
     Lair:3 |   15581 |    4728 |  23.3 |      57 |      15 |  20.8
     Lair:4 |    5529 |     758 |  12.1 |      19 |       4 |  17.4
     Lair:5 |    3063 |    1883 |  38.1 |       7 |       6 |  46.2
            +---------+---------+-------+---------+---------+-------
